 Dungeon Crawl Stone Soup version 0.27-a0-1359-ga2a4dfd6fd (webtiles) character file.

Game seed: 14856180733051080750

19207 robertstho the Protected (level 12, -8/113 HPs)
             Began as a Minotaur Berserker on June 28, 2021.
             Was a High Priest of Trog.
             Hit by a large rock thrown by a cyclops (14 damage)
             ... on level 12 of the Dungeon.
             The game lasted 00:15:24 (14791 turns).

robertstho the Protected (Minotaur Berserker)      Turns: 14791, Time: 00:15:25

Health: -8/113     AC: 16    Str: 32    XL:     12   Next: 34%
Magic:  11/11      EV: 10    Int:  5    God:    Trog [*****.]
Gold:   277        SH:  0    Dex: 10    Spells: 11/11 levels left

rFire    . . .     SeeInvis .   y - +2 battleaxe (freeze)
rCold    . . .     Faith    .   (shield currently unavailable)
rNeg     . . .     Spirit   .   A - +0 plate armour
rPois    .         Reflect  .   (helmet restricted)
rElec    .         Harm     .   c - scarf {shadows}
rCorr    .         Rampage  .   (no gloves)
Will     .....                  (no boots)
Stlth    ..........             (no amulet)
HPRegen  0.28/turn              n - +6 ring of strength
MPRegen  0.12/turn              d - ring of flight

@: lethally poisoned (-8 -> -10), spiked, on berserk cooldown, flying, slowed,
very slow
A: horns 2, retaliatory headbutt
a: Renounce Religion, Berserk, Trog's Hand, Brothers in Arms


You were on level 12 of the Dungeon.
You worshipped Trog.
Trog was extremely pleased with you.
You visited 1 branch of the dungeon, and saw 12 of its levels.

You collected 581 gold pieces.
You spent 304 gold pieces at shops.

Inventory:

Hand Weapons
 b - a +1 hand axe of electrocution
 y - a +2 battleaxe of freezing (weapon)
 D - a +3 long sword of flaming
Armour
 c - a scarf of shadows (worn)
 A - a +0 plate armour (worn)
Jewellery
 d - a ring of flight (right hand)
 n - a +6 ring of strength (left hand)
 o - a ring of magical power
 q - a ring of poison resistance
 E - a +4 ring of evasion
Wands
 g - a wand of acid (5)
 i - a wand of paralysis (11)
 l - a wand of mindburst (9)
Scrolls
 a - 2 scrolls of teleportation {unknown}
 f - 3 scrolls of blinking {unknown}
 h - 2 scrolls of enchant weapon {unknown}
 k - 4 scrolls of magic mapping {unknown}
 m - a scroll of summoning
 r - 6 scrolls of immolation
 s - a scroll of fear
 x - 4 scrolls of enchant armour
 F - a scroll of amnesia {unknown}
Potions
 e - 5 potions of lignification
 j - 2 potions of mutation
 p - 3 potions of flight
 t - a potion of berserk rage {unknown}
 u - a potion of cancellation {unknown}
 v - a potion of ambrosia
 w - 4 potions of curing
 z - 2 potions of invisibility
 B - 2 potions of heal wounds
 C - a potion of attraction


   Skills:
 * Level 12.6 Fighting
 + Level 13.7 Axes
 * Level 14.9 Armour
 + Level 4.7 Dodging
 + Level 0.6 Evocations


You had 11 spell levels left.
You didn't know any spells.
Your spell library was empty.

Dungeon Overview and Level Annotations

Branches:
Dungeon (12/15)            Temple (0/1) D:7            Lair (0/6) D:8
    Orc: D:9-12

Altars:
Cheibriados
Elyvilon
Fedhas
Nemelex Xobeh
Vehumet
The Shining One

Shops:
D:8 *!*[


Innate Abilities, Weirdness & Mutations

You have a pair of horns on your head.
You reflexively headbutt those who attack you in melee.


Message History

You feel sick.
You hear a shout!
Something hits you but does no damage.
A cyclops comes into view.
Unknown command.
Aiming: Corrosive Bolt
Press: ? - help, Shift-Dir - straight line You feel sick.
Something hits you but does no damage.
Unknown command.
A red film seems to cover your vision as you go berserk!
You feel yourself moving faster!
You feel mighty!
You feel sick.
Something hits you. x2; The cyclops throws a large rock.
The large rock hits you!!
* * * LOW HITPOINT WARNING * * *
You feel a strong urge to attack something.
A manticore comes into view.
Something hits you but does no damage.
You feel sick. Something hits you but does no damage.
The manticore flicks its tail.
The volley of spikes hits you.
The barbed spikes become lodged in your body.
* * * LOW HITPOINT WARNING * * *
The barbs in your skin will harm you if you move.
Continue? [Y]es or [N]o only, please.
The barbs in your skin will harm you if you move.
Continue?
The barbed spikes dig painfully into your body as you move.
* * * LOW HITPOINT WARNING * * *
You feel your anger nearly subside.
You feel sick. Something hits you!
* * * LOW HITPOINT WARNING * * *
The manticore flicks its tail.
The volley of spikes hits you.
The barbed spikes become lodged in your body.
* * * LOW HITPOINT WARNING * * *
There is a stone staircase leading up, spattered with blood here.
You are no longer berserk.
You are exhausted.
You feel yourself slow down. Something hits you but does no damage.
The cyclops throws a large rock.
The large rock hits you!
You die...

...(.........#
..(..C...!...#
...((........#
.............#
.............###
.............H..
......†..@......
#######.........
#.........
#.........
#.........
..........
###########


You could see a manticore and a cyclops.

Vanquished Creatures
  Snorg (D:11)
  A boulder beetle (D:9)
  3 two-headed ogres (D:8)
  5 hell knights (D:10)
  Nergalle (D:11)
  2 necromancers (D:10)
  An ugly thing (D:12)
  A manticore (D:7)
  A cyclops (D:8)
  An elephant (D:8)
  An unseen horror (D:11)
  A kobold demonologist (D:9)
  A troll (D:11)
  Grinder (D:5)
  Prince Ribbit (D:5)
  A shadow (D:9)
  A basilisk (D:8)
  2 vampires (D:10)
  2 wraiths (D:11)
  2 wyverns
  9 yaks
  2 steam dragons
  7 hell hounds (D:10)
  2 water moccasins
  Duvessa (D:5)
  2 sky beasts
  6 black bears
  A necrophage (D:4)
  5 orc warriors
  An ogre (D:5)
  6 centaurs
  A phantom (D:4)
  2 kobold brigands (D:8)
  2 bullfrogs (D:8)
  A gnoll sergeant (D:5)
  2 scorpions
  A water moccasin zombie (D:7)
  A water moccasin skeleton (D:5)
  Dowan (D:5)
  20 killer bees
  6 wights
  5 howler monkeys
  2 centaur zombies
  5 hounds
  2 bullfrog zombies
  A jelly (D:4)
  4 orc priests
  A bullfrog skeleton (D:5)
  A centaur skeleton (D:5)
  An iguana (D:5)
  10 orc wizards
  Natasha (thrice) (D:3)
  2 killer bee zombies
  2 howler monkey zombies
  4 gnolls
  2 adders
  A white imp (D:5)
  3 worms
  3 dart slugs
  34 orcs
  6 ball pythons
  A bat (D:1)
  11 endoplasms
  6 giant cockroaches
  3 goblins
  A hobgoblin (D:1)
  7 jackals
  7 quokkas
  4 frilled lizards
  3 kobolds
  7 rats
251 creatures vanquished.

Vanquished Creatures (others)
  3 orcs (D:3)
  A giant cockroach (D:3)
  2 jackals (D:3)
  A frilled lizard (D:3)
  A fungus (D:8)
  12 plants (D:8)
20 creatures vanquished.

Grand Total: 271 creatures vanquished

Notes
Turn   | Place    | Note
-------+----------+-------------------------------------------
     0 | D:1      | robertstho the Minotaur Berserker began the quest for the
                  | Orb.
     0 | D:1      | Reached XP level 1. HP: 19/19 MP: 0/0
   157 | D:1      | Reached XP level 2. HP: 14/27 MP: 1/1
   739 | D:1      | Reached ** piety under Trog
   859 | D:2      | Reached XP level 3. HP: 34/34 MP: 2/2
  2347 | D:3      | Noticed Natasha
  2349 | D:3      | Killed Natasha
  2350 | D:3      | Reached skill level 5 in Fighting
  2350 | D:3      | Reached skill level 3 in Armour
  2350 | D:3      | Reached XP level 4. HP: 41/42 MP: 3/3
  2455 | D:3      | Noticed a water moccasin
  2464 | D:3      | Killed a water moccasin
  2465 | D:3      | Reached XP level 5. HP: 45/50 MP: 4/4
  2515 | D:3      | Found a faded altar of an unknown god.
  2580 | D:3      | Noticed Natasha
  2591 | D:3      | Killed Natasha
  2592 | D:3      | Reached skill level 5 in Axes
  2647 | D:3      | Noticed Natasha
  2653 | D:3      | Killed Natasha
  2871 | D:3      | Found a snail-covered altar of Cheibriados.
  2871 | D:3      | Found a glowing golden altar of the Shining One.
  2922 | D:4      | Reached XP level 6. HP: 51/57 MP: 5/5
  2966 | D:4      | Reached skill level 4 in Armour
  3216 | D:4      | Reached *** piety under Trog
  3302 | D:4      | Reached XP level 7. HP: 63/64 MP: 6/6
  3404 | D:4      | Reached skill level 5 in Armour
  3733 | D:5      | Entered Level 5 of the Dungeon
  3734 | D:5      | Found a sparkling altar of Nemelex Xobeh.
  3809 | D:5      | Reached skill level 6 in Armour
  3976 | D:5      | Noticed Dowan
  3983 | D:5      | Killed Dowan
  3985 | D:5      | Noticed Duvessa
  3993 | D:5      | Killed Duvessa
  3994 | D:5      | Reached XP level 8. HP: 73/73 MP: 7/7
  4334 | D:5      | Noticed Grinder
  4341 | D:5      | Killed Grinder
  4342 | D:5      | Reached skill level 7 in Armour
  4614 | D:5      | Noticed Prince Ribbit
  4618 | D:5      | Killed Prince Ribbit
  4619 | D:5      | Reached skill level 8 in Armour
  5238 | D:6      | Reached XP level 9. HP: 82/82 MP: 8/8
  5359 | D:6      | Reached skill level 9 in Armour
  5437 | D:6      | Reached **** piety under Trog
  5668 | D:7      | Noticed a manticore
  5676 | D:7      | Killed a manticore
  5903 | D:7      | Identified the +6 flail "Dujas" {antimagic, rN+++ Will-
                  | Str+5 Int-4}
  5933 | D:7      | Found a staircase to the Ecumenical Temple.
  6282 | D:7      | Reached skill level 10 in Armour
  7152 | D:8      | Found Castric's Distillery.
  7155 | D:8      | Bought a potion of heal wounds for 60 gold pieces
  7155 | D:8      | Bought a potion of curing for 36 gold pieces
  7155 | D:8      | Bought a potion of brilliance for 48 gold pieces
  7155 | D:8      | Bought a potion of attraction for 36 gold pieces
  7155 | D:8      | Bought a potion of invisibility for 96 gold pieces
  7394 | D:8      | Found Dauxofon's Assorted Antiques.
  7429 | D:8      | Found a radiant altar of Vehumet.
  7439 | D:8      | Found Ygoesewo's General Store.
  7445 | D:8      | Noticed a two-headed ogre
  7450 | D:8      | Killed a two-headed ogre
  7451 | D:8      | Reached skill level 11 in Armour
  7451 | D:8      | Reached XP level 10. HP: 91/91 MP: 9/9
  7607 | D:8      | Bought a scroll of identify for 28 gold pieces
  7623 | D:8      | Found a staircase to the Lair.
  7623 | D:8      | Noticed an elephant
  7632 | D:8      | Killed an elephant
  7678 | D:8      | Reached skill level 12 in Armour
  7769 | D:8      | Reached skill level 10 in Axes
  7931 | D:8      | Reached skill level 10 in Fighting
  8215 | D:8      | Noticed a cyclops
  8224 | D:8      | Killed a cyclops
  8511 | D:8      | Found Jarotzextu's Antique Armour Boutique.
  9005 | D:8      | Noticed a two-headed ogre
  9011 | D:8      | Killed a two-headed ogre
  9024 | D:8      | Noticed a two-headed ogre
  9029 | D:8      | Killed a two-headed ogre
  9030 | D:8      | Reached XP level 11. HP: 41/102 MP: 10/10
  9358 | D:9      | Found a white marble altar of Elyvilon.
  9374 | D:9      | Reached ***** piety under Trog
  9560 | D:9      | Noticed a boulder beetle
  9570 | D:9      | Killed a boulder beetle
  9571 | D:9      | Reached skill level 13 in Armour
 10915 | D:10     | Entered Level 10 of the Dungeon
 10930 | D:10     | Found a blossoming altar of Fedhas.
 11577 | D:10     | Noticed a hell knight
 11581 | D:10     | Killed a hell knight
 11706 | D:10     | Noticed a hell knight
 11706 | D:10     | Noticed a necromancer
 11707 | D:10     | Noticed a hell knight
 11708 | D:10     | Noticed a necromancer
 11713 | D:10     | Noticed a hell knight
 11718 | D:10     | Killed a necromancer
 11719 | D:10     | Killed a necromancer
 11723 | D:10     | Killed a hell knight
 11724 | D:10     | Reached skill level 14 in Armour
 13171 | D:10     | Killed a hell knight
 13436 | D:10     | Killed a hell knight
 13622 | D:10     | Noticed a hell knight
 13630 | D:10     | Killed a hell knight
 13631 | D:10     | Reached XP level 12. HP: 75/111 MP: 11/11
 13918 | D:11     | Noticed Snorg
 13926 | D:11     | Killed Snorg
 14530 | D:11     | Noticed Nergalle
 14537 | D:11     | Killed Nergalle
 14791 | D:12     | Hit by a large rock thrown by a cyclops

Illustrated notes

Levels and vault maps discovered:
D:1:      minmay_arrival_semitransparent, layout_rooms, minmay_heptomino_l4
D:2:      layout_basic
D:3:      layout_loops_cross, gammafunk_temple_overflow_elements,
          basic_ecumenical_altar, lemuel_old_faithful, uniq_natasha
D:4:      layout_rooms, chequers_serial_rivers_large_a, minmay_hedge_maze,
          cheibrodos_gnoll_hut
D:5:      layout_gridville, lemuel_crystal_altar, kennysheep_potato,
          uniq_prince_ribbit1, uniq_grinder, uniq_duvessa
D:6:      layout_cave_pools, solitary_fountain, minmay_misc_feat_five,
          grunt_ministairs_4
D:7:      layout_cave_pods, minmay_temple_entry_mini_moons
D:8:      nzn_winding_woodlands_medium [nzn_winding_woodlands_5x5_cross,
          nzn_winding_woodlands_5x15_pathside_ponds,
          nzn_winding_woodlands_5x5_open_star,
          nzn_winding_woodlands_5x5_default,
          nzn_winding_woodlands_center_garden, nzn_winding_woodlands_hourglass,
          nzn_winding_woodlands_5x5_checkerboard,
          nzn_winding_woodlands_5x15_split_checker,
          nzn_winding_woodlands_5x5_default], layout_basic,
          nicolae_overflow_hidden_temple, david_lair_generic, serial_shops,
          nicolae_stop_n_shop_1, nicolae_stop_n_shop_1,
          nicolae_shop_overgrown_old_shop, nicolae_shop_stone
D:9:      layout_loops_ring, elyvilon_altar_1, minmay_increasing_density
D:10:     layout_gridville, fedhas_altar_1, minmay_rotating_lava
D:11:     layout_basic, uniq_nergalle, uniq_snorg
D:12:     layout_long_grid, orc_0_dummy, gauntlet_entry_generic,
          chequers_serial_rivers_micro_b, minivault_16, minmay_sticks_and_stones

Skill      XL: |  1  2  3  4  5  6  7  8  9 10 11 |
---------------+----------------------------------+-----
Fighting       | 4 5 6 7 8 9 11 12 | 12.6
Axes           | 4 5 6 8 9 11 13 | 13.7
Armour         | 3 4 6 8 11 12 14 | 14.9
Dodging        | 3 4 |  4.7
Evocations     | |  0.6

Action                   |  1- 3 |  4- 6 |  7- 9 | 10-12 || total
-------------------------+-------+-------+-------+-------++-------
Melee: Hand axe          |    73 |    63 |   128 |       ||   264
       Headbutt          |    13 |    12 |    34 |    54 ||   113
       Unarmed           |       |     5 |       |       ||     5
       Battleaxe         |       |       |    27 |   273 ||   300
Invok: Berserk           |     1 |     1 |    10 |    15 ||    27
Evoke: Wand              |       |       |       |     8 ||     8
  Use: Scroll            |     3 |       |     4 |     5 ||    12
Armor: Animal skin       |     9 |       |       |       ||     9
       Scale mail        |     4 |       |       |       ||     4
       Ring mail         |     3 |       |       |       ||     3
       Chain mail        |       |    17 |    94 |    94 ||   205
       Plate armour      |       |       |       |    80 ||    80
Dodge: Dodged            |    43 |    27 |    92 |   159 ||   321

Table legend: (Time is in decaauts)
 A = Elapsed time spent in this place.
 B = Non-inter-level travel time spent in this place.
 C = Inter-level travel time spent in this place.
 D = Time resting spent in this place.
 E = Time spent auto-exploring this place.
 F = Levels seen in this place.
 G = Mean time per level.
                   A        B        C        D        E       F      G
               +--------+--------+--------+--------+--------+-----+--------+
         Total |  15083 |  14305 |    778 |   3436 |   9214 |  12 | 1256.9 |
       Dungeon |  15083 |  14305 |    778 |   3436 |   9214 |  12 | 1256.9 |
               +--------+--------+--------+--------+--------+-----+--------+

Top non-repeatable levels by time:
    D:10: 2804 daAuts
     D:8: 1898 daAuts
     D:9: 1842 daAuts
     D:7: 1643 daAuts
     D:5: 1233 daAuts
     D:2: 1180 daAuts
     D:6: 980 daAuts
     D:1: 928 daAuts
    D:11: 884 daAuts
     D:3: 857 daAuts
     D:4: 811 daAuts
    D:12: 17 daAuts
